 Dungeon Crawl Stone Soup version 0.21-a0-525-ga34b322 (webtiles) character file.

730 slep the Chopper (level 7, -1/36 HPs)
             Began as a Vine Stalker Gladiator on Dec 8, 2017.
             Succumbed to a scorpion's poison
             ... on level 4 of the Dungeon.
             The game lasted 00:17:55 (3270 turns).

slep the Chopper (Vine Stalker Gladiator)           Turns: 3270, Time: 00:17:55

Health: -1/36      AC:  5    Str: 18    XL:     7   Next: 73%
Magic:  6/8        EV: 11    Int:  8    God:
Gold:   213        SH:  9    Dex: 16    Spells: 6/6 levels left

rFire    + . .     SeeInvis .   D - +0 hunting sling (curse)
rCold    . . .     Gourm    .   j - +0 shield
rNeg     . . .     Faith    .   x - +0 ring mail (curse)
rPois    .         Spirit   +   c - +0 helmet
rElec    .         Reflect  .   (no cloak)
rCorr    .         Harm     .   (no gloves)
MR       .....                  l - +1 pair of boots
Stlth    +.........             s - amulet of inaccuracy
HPRegen  0.52/turn              H - ring of protection from fire
MPRegen  0.11/turn              m - -3 ring of protection (curse)

@: lethally poisoned (-1 -> -7)
A: fangs 2, regeneration 1, magic shield, antimagic bite, no potion heal 3, rot
immunity
a: no special abilities


You were on level 4 of the Dungeon.
You were near starving.

You visited 1 branch of the dungeon, and saw 4 of its levels.

You collected 213 gold pieces.

Inventory:

Hand Weapons
 a - a +0 war axe
 d - a +0 broad axe
 D - a cursed +0 hunting sling (weapon)
 G - a +0 spear
Missiles
 y - 7 silver javelins
 I - 3 stones (quivered)
Armour
 b - a +0 leather armour
 c - a +0 helmet (worn)
 j - a +0 shield (worn)
 l - a +1 pair of boots (worn)
 t - a +1 robe of cold resistance
 x - a cursed +0 ring mail (worn)
Jewellery
 m - a cursed -3 ring of protection (right hand)
 n - an uncursed ring of protection from magic
 s - an amulet of inaccuracy (around neck)
 H - a ring of protection from fire (left hand)
Scrolls
 e - a scroll of teleportation
 g - 5 scrolls of identify
 k - a scroll of enchant weapon
 r - a scroll of magic mapping
 w - a scroll of remove curse
 F - a scroll of enchant armour
Potions
 h - 2 potions of heal wounds {unknown}
 i - 4 potions of curing {unknown}
 p - 2 potions of agility {unknown}
 q - 2 potions of degeneration {unknown}
 v - a potion of lignification
 z - a potion of cancellation {unknown}
 B - a potion of berserk rage {unknown}
 C - 2 potions of magic {unknown}
 E - a potion of brilliance {unknown}
Comestibles
 f - 4 bread rations
 o - 5 fruits
 u - 2 royal jellies
 A - 3 meat rations


   Skills:
 + Level 3.3 Fighting
 + Level 5.0 Axes
 + Level 1.8 Throwing
 + Level 1.2 Armour
 + Level 4.3 Dodging
 + Level 1.8 Stealth
 + Level 2.6 Shields


You had 6 spell levels left.
You didn't know any spells.

Dungeon Overview and Level Annotations

Branches:
Dungeon (4/15)
 Temple: D:4-7

Altars:
Cheibriados
Ru
Sif Muna
Trog
Vehumet
Wu Jian
Xom


Innate Abilities, Weirdness & Mutations

You have extremely sharp teeth.
Your natural rate of healing is unusually fast.
When hurt, damage is shared between your health and your magic reserves.
Your bite disrupts and absorbs the magic of your enemies.
Potions cannot restore your health.
You are immune to rotting.


Message History

Aim: a scorpion (almost dead)
You shoot a stone.
The stone hits the scorpion but does no damage.
The scorpion is almost dead.
* * * LOW HITPOINT WARNING * * *
You feel sick. The scorpion closely misses you.
Firing (i - inventory. (,) - cycle):
I - 5 stones (quivered)
Press: ? - help, Shift-Dir - straight line, f/p - scorpion
Aim: a scorpion (almost dead)
You shoot a stone. The stone misses the scorpion.
The stone hits the orc but does no damage.
The orc is heavily wounded.
* * * LOW HITPOINT WARNING * * *
You feel sick. The scorpion barely misses you.
Firing (i - inventory. (,) - cycle):
I - 4 stones (quivered)
Press: ? - help, Shift-Dir - straight line, f/p - scorpion
Aim: a scorpion (almost dead)
You shoot a stone. The stone closely misses the scorpion.
The stone misses the orc.
You die...

.........# #........# .........#
#........# ###
.........#######........# #..
.....)........##........# #.#
.....#........##........###.####
.....+........'.................
.....#........##............#####
..............########......#....
..........[...'.@# #......#.###
.##...........##s# ######.#.# #
..+...........#o{o. #.#.# #
###.[..########.o...# #.#.# #
.##....# #.....# #.#.# # .##....#
#.....# #.#.# # ..##.#.# #......
#.#.# # #.##.#.# #.(..... #.#.# #
#.##.#+##### #.#.# #


You could see a scorpion and 3 orcs.

Vanquished Creatures
  A hippogriff (D:4)
  The ghost of lukano the Skirmisher, an amateur OpWn of Makhleb (D:3)
  A phantom (D:4)
  2 hounds (D:4)
  4 orc wizards
  Robin (D:3)
  6 adders
  An ooze (D:3)
  5 worms
  A dart slug (D:3)
  2 leopard geckos (D:2)
  6 orcs
  2 giant cockroaches
  12 goblins
  8 hobgoblins
  8 jackals
  2 quokkas
  A ball python (D:3)
  9 bats
  4 frilled lizards
  8 kobolds
  4 rats
89 creatures vanquished.

Vanquished Creatures (others)
  An orc wizard (D:3)
1 creature vanquished.

Grand Total: 90 creatures vanquished

Notes
Turn   | Place    | Note
-------+----------+-------------------------------------------
     0 | D:1      | slep the Vine Stalker Gladiator began the quest for the Orb.
     0 | D:1      | Reached XP level 1. HP: 11/11 MP: 2/2
    56 | D:1      | You fall through a shaft!
   109 | D:2      | Reached XP level 2. HP: 6/15 MP: 1/3
   165 | D:2      | Reached skill level 3 in Axes
   390 | D:2      | Reached XP level 3. HP: 17/18 MP: 4/4
   806 | D:1      | Reached skill level 1 in Stealth
  1099 | D:1      | Gained mutation: Your natural rate of healing is unusually fast. [Vine Stalker growth]
  1099 | D:1      | Reached XP level 4. HP: 18/23 MP: 5/5
  1545 | D:3      | Noticed lukano's ghost (amateur OpWn)
  1568 | D:3      | Killed lukano's ghost
  1568 | D:3      | Reached skill level 4 in Axes
  1568 | D:3      | Reached skill level 1 in Armour
  1568 | D:3      | Reached skill level 1 in Shields
  1568 | D:3      | Reached XP level 5. HP: 13/26 MP: 6/6
  1614 | D:3      | You fall through a shaft!
  1614 | D:4      | Found a radiant altar of Vehumet.
  1616 | D:4      | Found an ornate altar of the Wu Jian Council.
  1618 | D:4      | Found a shimmering altar of Xom.
  1618 | D:4      | Found a bloodstained altar of Trog.
  1625 | D:4      | Reached XP level 6. HP: 32/32 MP: 7/7
  1627 | D:4      | Found a sacrificial altar of Ru.
  1635 | D:4      | Noticed a phantom
  1664 | D:4      | HP: 1/32 [phantom (3)]
  1690 | D:4      | HP: 1/32 [phantom (4)]
  1706 | D:4      | Killed a phantom
  1736 | D:4      | Noticed a hippogriff
  1746 | D:4      | Killed a hippogriff
  1746 | D:4      | Reached XP level 7. HP: 6/36 MP: 2/8
  2305 | D:3      | Noticed Robin
  2324 | D:3      | Killed Robin
  2438 | D:3      | Found a snail-covered altar of Cheibriados.
  2618 | D:3      | Found a deep blue altar of Sif Muna.
  2921 | D:3      | Reached skill level 5 in Axes
  3269 | D:4      | HP: 1/36 [poisoned by a scorpion]
  3270 | D:4      | Succumbed to a scorpion's poison

Vault maps used:
D:1:      evilmike_arrival_run_for_it, minmay_tetromino_i2
D:2:      first_bread, corner_web_ring, palyth_stone_intersect
D:3:      nicolae_overflow_hidden_temple, led_sif_book, minmay_cupped,
          uniq_robin
D:4:      grunt_temple_overflow_open, hangedman_abyss_or_decor_slice

Skill      XL: |  1  2  3  4  5  6  7 |
---------------+----------------------+-----
Axes           | 3 4 5 |  5.0
Fighting       | 2 3 |  3.3
Stealth        | 1 |  1.8
Dodging        | 3 4 |  4.3
Armour         | 1 |  1.2
Shields        | 1 2 |  2.6
Throwing       | |  1.8

Action                   |  1- 3 |  4- 6 |  7- 9 || total
-------------------------+-------+-------+-------++-------
Melee: War axe           |   110 |   125 |   102 ||   337
       Bite              |    21 |    31 |    27 ||    79
       Spear             |       |       |    19 ||    19
       Hunting sling     |       |       |    19 ||    19
 Fire: Hunting sling     |       |       |    20 ||    20
Throw: Throwing net      |       |     1 |     2 ||     3
  Use: Scroll            |       |       |     8 ||     8
 Stab: Sleeping          |     2 |     1 |     4 ||     7
       Held in net/web   |     1 |     1 |       ||     2
  Eat: Chunk             |     1 |     2 |     3 ||     6
       Fruit             |       |       |     1 ||     1
Armor: Leather armour    |    41 |     8 |       ||    49
       Robe              |       |    24 |    32 ||    56
       Ring mail         |       |       |     2 ||     2
Dodge: Dodged            |    70 |    66 |    79 ||   215
Block: Shield            |    40 |    59 |    67 ||   166

Table legend:
 A = Spawn XP
 B = Non-spawn XP
 C = Spawn XP percentage of total XP
 D = Spawn monster count
 E = Non-spawn monster count
 F = Spawn count percentage of total count
 G = Total turns spent on level
                    A         B        C        D         E        F      G
               +---------+---------+-------+---------+---------+-------+---------
         Total |       0 |    1044 |   0.0 |       0 |      90 |   0.0 |  3270
               +---------+---------+-------+---------+---------+-------+---------
           D:1 |       0 |      30 |   0.0 |       0 |      16 |   0.0 |   703
           D:2 |       0 |      58 |   0.0 |       0 |      22 |   0.0 |   815
           D:3 |       0 |     366 |   0.0 |       0 |      36 |   0.0 |  1222
           D:4 |       0 |     590 |   0.0 |       0 |      16 |   0.0 |   530
               +---------+---------+-------+---------+---------+-------+---------
